 Dungeon Crawl Stone Soup version 0.31-a0-981-geadf994542 (webtiles) character file.

Game seed: 14608597796153491255

343 IdlyInterested the Trooper (level 6, 0/53 HPs)
             Began as a Demonspawn Fighter on Oct 31, 2023.
             Slain by an ogre
             ... wielding a +0 giant club
              (7 damage)
             ... on level 5 of the Dungeon.
             The game lasted 00:11:23 (3969 turns).

IdlyInterested the Trooper (Demonspawn Fighter)     Turns: 3969, Time: 00:11:23

Health: 0/53       AC: 16    Str: 18    XL:     6   Next: 31%
Magic:  0/6        EV:  6    Int:  9    God:
Gold:   280        SH:  4    Dex: 13    Spells: 5/5 levels left

rFire   . . .        c - +0 whip (venom)
rCold   . . .        b - +0 buckler
rNeg    . . .        o - +0 plate armour
rPois   .            (no helmet)
rElec   .            d - +0 cloak
rCorr   .            (no gloves)
SInv    .            (no boots)
Will    .....        n - amulet of guardian spirit Stlth
                     w - +4 ring of protection
HPRegen 0.28/turn    (no ring)
MPRegen 0.10/turn

%: guardian spirit
@: no status effects
A: sturdy frame 1, weakness stinger 2
a: no special abilities


You were on level 5 of the Dungeon.
You visited 1 branch of the dungeon, and saw 5 of its levels.

You collected 280 gold pieces.

Inventory:

Hand Weapons
 c - a +0 whip of venom (weapon)
 j - a +0 hand axe
 k - a +0 trident
 q - a +0 long sword
 x - a +0 rapier
 y - a +0 morningstar
 C - a +0 club
Missiles
 g - 33 stones
 v - 8 poisoned darts (quivered)
Armour
 b - a +0 buckler (worn)
 d - a +0 cloak (worn)
 o - a +0 plate armour (worn)
Magical Staves
 u - a staff of cold
Jewellery
 n - an amulet of guardian spirit (around neck)
 w - a +4 ring of protection (left hand)
Talismans
 l - a beast talisman
Wands
 i - a wand of flame (26)
Scrolls
 a - a scroll of enchant armour
 e - a scroll of poison
 h - a scroll of enchant weapon
 m - a scroll of silence
 r - a scroll of immolation
 s - 2 scrolls of revelation
 t - 2 scrolls of teleportation {unknown}
 B - a scroll of fear {unknown}
Potions
 f - 3 potions of enlightenment
 p - a potion of resistance {unknown}
 z - a potion of degeneration {unknown}
 A - a potion of lignification {unknown}


   Skills:
 * Level 6.3 Fighting
 - Level 1.0 Throwing
 - Level 2.6 Armour
 - Level 1.0 Dodging
 - Level 1.0 Stealth
 + Level 2.8 Shields
 - Level 1.7 Unarmed Combat
 - Level 1.0 Evocations
 - Level 1.0 Shapeshifting


You had 5 spell levels left.
You didn't know any spells.
Your spell library contained the following spells:

 Spells                   Type           Power      Damage    Failure   Level
 Volatile Blastmotes      Fire/Tloc      0%         2d10      100%        3
 Fulminant Prism          Conj/Hex       0%         3d5       100%        4
 Iskenderun's Mystic Bla  Conj/Tloc      0%         2d3       100%        4


Dungeon Overview and Level Annotations

Branches:
Dungeon (5/15)
 Temple: D:4-7

Altars:
Fedhas
Uskayaw


Innate Abilities, Weirdness & Mutations

Your movements are slightly less encumbered by armour. (ER -2)
You have a tail ending in a sharp stinger.


Message History

Things that are here:
a +0 mace of holy wrath; an orc corpse
There is a stone staircase leading up here.
You climb upwards.
There is a stone staircase leading down here.
There is an escape hatch in the floor here.
You slide downwards.
The hatch slams shut behind you.
The adder hisses angrily.
The adder bites you but does no damage.
Found six items.
You hit the ogre.
The ogre is poisoned.
The ogre is lightly wounded.
The ogre barely misses you. The adder bites you but does no damage.
You completely miss the ogre.
The ogre is moderately wounded.
The adder bites you but does no damage.
The ogre hits you with a +0 giant club!!
You block the adder's attack.
You completely miss the ogre. You tail-slap the ogre.
The ogre is moderately wounded.
The adder completely misses you. You block the ogre's attack.
You hit the ogre.
The ogre looks as sick as possible!
The ogre is heavily wounded.
The adder barely misses you. The adder bites you but does no damage.
You barely miss the ogre.
The ogre is heavily wounded.
The ogre hits you with a +0 giant club!!
* * * LOW HITPOINT WARNING * * *
The adder bites you but does no damage. The adder bites you but does no damage.
The ogre attacks as it pursues you! The ogre hits you with a +0 giant club!
* * * LOW HITPOINT WARNING * * *
The adder bites you but does no damage.
You see here a +0 war axe.
Found a stone staircase leading down.
The adder attacks as it pursues you! The adder bites you but does no damage.
You hit the ogre.
The ogre looks as sick as possible!
The ogre is severely wounded.
The adder barely misses you. The ogre hits you with a +0 giant club!
You die...

.>. #+# #.. #.#
#!.##.#########
#..............
#..............
#..............
#..............
#(.?.@O..?.....
##...S)....?...
#.............
#.............
#.............
#.............
##############


You could see an ogre (extremely poisoned) and an adder.

Vanquished Creatures
  An ogre (D:4)
  A jelly (D:4)
  Ijyb (D:5)
  2 iguanas (D:4)
  4 gnolls (D:4)
  3 adders
  4 dart slugs
  6 orcs
  7 ball pythons
  8 endoplasms
  2 giant cockroaches
  7 goblins
  5 hobgoblins
  4 jackals (D:1)
  3 quokkas
  4 bats
  3 frilled lizards (D:1)
  6 kobolds
  5 rats
76 creatures vanquished.

Notes
Turn   | Place    | Note
-------+----------+-------------------------------------------
     0 | D:1      | IdlyInterested the Demonspawn Fighter began the quest for
                  | the Orb.
     0 | D:1      | Reached XP level 1. HP: 18/18 MP: 1/1
   240 | D:1      | Gained mutation: You have a small tail. [demonic ancestry]
   240 | D:1      | Reached XP level 2. HP: 17/24 MP: 2/2
   332 | D:1      | Reached skill level 1 in Dodging
   739 | D:2      | Identified the "Goumog"
  1015 | D:2      | Gained mutation: Your movements are slightly less
                  | encumbered by armour. (ER -2) [demonic ancestry]
  1015 | D:2      | Reached XP level 3. HP: 30/30 MP: 3/3
  1450 | D:2      | Reached skill level 4 in Fighting
  1450 | D:2      | Reached skill level 1 in Throwing
  1680 | D:2      | Found a hide-covered altar of Uskayaw.
  2142 | D:3      | Reached XP level 4. HP: 35/38 MP: 4/4
  2236 | D:3      | Found a blossoming altar of Fedhas.
  2655 | D:4      | Noticed an ogre
  2663 | D:4      | Killed an ogre
  2664 | D:4      | Reached skill level 5 in Fighting
  2664 | D:4      | Reached skill level 1 in Stealth
  2664 | D:4      | Gained mutation: You have a tail ending in a sharp stinger.
                  | [demonic ancestry]
  2664 | D:4      | Reached XP level 5. HP: 9/44 MP: 1/5
  3206 | D:4      | Reached skill level 1 in Evocations
  3261 | D:4      | Reached skill level 6 in Fighting
  3361 | D:4      | Reached XP level 6. HP: 52/52 MP: 6/6
  3393 | D:4      | HP: 2/52 [acid (8)]
  3396 | D:4      | Reached skill level 1 in Shapeshifting
  3760 | D:5      | Entered Level 5 of the Dungeon
  3824 | D:5      | Noticed Ijyb
  3849 | D:5      | Killed Ijyb
  3969 | D:5      | Slain by an ogre

Illustrated notes

Levels and vault maps discovered:
D:1:      arrival_zaba_pyramid, layout_loops_ring, minivault_19
D:2:      layout_basic, basic_altar
D:3:      layout_rooms, mainiacjoe_overflow_alcove_2
D:4:      minmay_thinvault, layout_basic
D:5:      layout_basic, mainiacjoe_overflow_tiny_flanked,
          nicolae_shop_clearance, uniq_blork_the_orc, uniq_ijyb

Skill      XL: |  1  2  3  4  5  6 |
---------------+-------------------+-----
Dodging        | 1 |  1.0
Fighting       | 4 5 6 |  6.3
Throwing       | 1 |  1.0
Stealth        | 1 |  1.0
Evocations     | 1 |  1.0
Shapeshifting  | 1 |  1.0
Armour         | |  2.6
Shields        | |  2.8
Unarmed Combat | |  1.7

Action                     |  1- 3 |  4- 6 || total
---------------------------+-------+-------++-------
  Melee: Unarmed           |   197 |   122 ||   319
         Tailslap          |    15 |    20 ||    35
         Whip              |       |    30 ||    30
  Throw: Dart              |       |     1 ||     1
    Use: Scroll            |     1 |     6 ||     7
         Potion            |       |     3 ||     3
 Armour: Scale mail        |    77 |       ||    77
         Plate armour      |    32 |   112 ||   144
  Dodge: Dodged            |    68 |    49 ||   117
  Block: Buckler           |    42 |    17 ||    59

Table legend: (Time is in decaauts)
 A = Elapsed time spent in this place.
 B = Non-inter-level travel time spent in this place.
 C = Inter-level travel time spent in this place.
 D = Time resting spent in this place.
 E = Time spent auto-exploring this place.
 F = Levels seen in this place.
 G = Mean time per level.
                   A        B        C        D        E       F      G
               +--------+--------+--------+--------+--------+-----+--------+
         Total |   3977 |   3412 |    565 |    613 |   1743 |   5 |  795.4 |
       Dungeon |   3977 |   3412 |    565 |    613 |   1743 |   5 |  795.4 |
               +--------+--------+--------+--------+--------+-----+--------+

Top non-repeatable levels by time:
     D:4: 1307 daAuts
     D:2: 1098 daAuts
     D:1: 861 daAuts
     D:3: 570 daAuts
     D:5: 139 daAuts
